 Dungeon Crawl Stone Soup version 0.28.0-47-ge53b351184 (webtiles) character file.

Game seed: 3917934279372804494

50 101zpm the Magician (level 4, -2/31 HPs)
             Began as a Djinni Fire Elementalist on Apr 30, 2022.
             Killed from afar by Sigmund (7 damage)
             ... with a magic dart
             ... on level 2 of the Dungeon.
             The game lasted 00:02:42 (2992 turns).

101zpm the Magician (Djinni Fire Elementalist)      Turns: 2992, Time: 00:02:43

Health: -2/31      AC:  2    Str:  7    XL:     4   Next: 4%
Gold:   26         EV: 12    Int: 19    God:
                   SH:  0    Dex: 13

rFire   + + .      SeeInvis .   (no weapon)
rCold   x . .      Faith    .   (no shield)
rNeg    . . .      Spirit   .   a - +0 robe
rPois   ∞          Reflect  .   (no helmet)
rElec   .          Harm     .   b - scarf {shadows}
rCorr   .          Rampage  .   (no gloves)
Will    .....                   (boots unavailable)
Stlth   +.........              (no amulet)
HPRegen 0.10/turn               (no ring)
MPRegen 0.00/turn               (no ring)

@: confused, flying, very slightly contaminated
A: sickness immunity, fire resistance 2, cold vulnerability 1, float, innate
caster, HP casting, extra vitality 1
a: no special abilities


You were on level 2 of the Dungeon.
You visited 1 branch of the dungeon, and saw 2 of its levels.

You collected 26 gold pieces.

Inventory:

Armour
 a - a +0 robe (worn)
 b - a scarf of shadows (worn)
Scrolls
 c - a scroll of enchant armour {unknown}
 e - a scroll of amnesia {unknown}
 f - a scroll of immolation {unknown}
Potions
 d - 2 potions of mutation {unknown}


   Skills:
 + Level 2.3 Dodging
 + Level 1.7 Stealth
 + Level 3.5 Spellcasting


You couldn't memorise any spells.
You knew the following spells:

 Your Spells              Type           Power      Damage    Failure   Level
a - Foxfire               Conj/Fire      64%        2x1d7     3%          1
b - Scorch                Fire           32%        2d6       5%          2
c - Conjure Flame         Conj/Fire      16%        6-21      11%         3
d - Inner Flame           Hex/Fire       16%        N/A       11%         3
e - Flame Wave            Conj/Fire      16%        2d6       34%         4
f - Sting                 Tmut/Pois      64%        1d6       3%          1
Your spell library was empty.

Dungeon Overview and Level Annotations

Branches:
Dungeon (2/15)

Altars:

Annotations:
D:2 Robin, Sigmund


Innate Abilities, Weirdness & Mutations

You are immune to sickness and miasma.
You are immune to poison.
Your flesh is very heat resistant. (rF++)
You are vulnerable to cold. (rC-)
You float through the air rather than walking.
You learn spells naturally, not from books.
Your magical power is your life essence.
You have superior vitality. (+4 MHP)


Message History

Nothing appears to happen.
The foxfire hits the hobgoblin.
You kill the hobgoblin!
The foxfire hits something.
You hear a shout!
There are monsters nearby!
There are monsters nearby!
You conjure some foxfire!
You hear a shout!
Your foxfire dissipates!
You miscast Foxfire.
Nothing appears to happen.
The foxfire hits something!
A puff of flame appears from out of thin air!
The puff of flame misses you. The puff of flame hits your foxfire.
Your foxfire completely resists.
You conjure some foxfire!
The foxfire hits something.
A goblin comes into view. It is wielding a +0 club.
You conjure some foxfire!
The foxfire hits something.
You conjure some foxfire!
The foxfire hits something but does no damage.
The foxfire hits something.
Robin of the Strong Arm comes into view.
They are wielding a +0 short sword and carrying a wand of flame (23).
You conjure some foxfire!
The foxfire hits something but does no damage.
Something hits you!
* * * LOW HITPOINT WARNING * * *
A hobgoblin comes into view.
Robin throws the goblin at you!
The foxfire hits the goblin.
You kill the goblin!
The foxfire hits something but does no damage.
You have reached level 4!
You feel clever.
The foxfire hits the goblin.
The goblin is heavily wounded.
The foxfire hits the goblin.
You kill the goblin!
You hear some strange, mumbled words.
You are confused.
There is a stone staircase leading up here.
A magic dart appears from out of thin air!
The magic dart hits you!
You die...

#.###.#. (.....#
..##### ...# #.# ###
.#.# #.##. ..# .#.##
#.##.#####.#### .#..#
#.#...........#
.##.###.#...........#
.##..##.#.......@...#
.###.##.#.........###
........#........####
.####.####.##..).{).#
...........#<....gg.'gg
†#####'###.##.......##.
.##........##)......#
.##........##.......#
.##........##.......#


You could see a goblin.

Vanquished Creatures
  An adder (D:2)
  A ball python (D:1)
  6 endoplasms
  5 giant cockroaches
  4 goblins (D:2)
  5 hobgoblins
  3 jackals (D:2)
  A kobold (D:1)
  A quokka (D:2)
  3 bats
  A frilled lizard (D:2)
  2 rats (D:1)
33 creatures vanquished.

Vanquished Creatures (others)
  207 foxfires
207 creatures vanquished.

Grand Total: 240 creatures vanquished

Notes
Turn   | Place    | Note
-------+----------+-------------------------------------------
     0 | D:1      | 101zpm the Djinni Fire Elementalist began the quest for the
                  | Orb.
     0 | D:1      | Reached XP level 1. HP: 15/15 MP: 0/0
   510 | D:1      | Reached XP level 2. HP: 16/21 MP: 0/0
  1288 | D:1      | Reached skill level 3 in Spellcasting
  2023 | D:2      | Noticed Sigmund
  2052 | D:2      | Reached XP level 3. HP: 17/25 MP: 0/0
  2052 | D:2      | Learned a level 1 spell: Sting
  2466 | D:2      | Found a faded altar of an unknown god.
  2988 | D:2      | Noticed Robin
  2990 | D:2      | Reached XP level 4. HP: 4/31 MP: 0/0
  2992 | D:2      | Killed from afar by Sigmund

Illustrated notes

Levels and vault maps discovered:
D:1:      evilmike_arrival_home_sweet_home, layout_basic
D:2:      layout_basic, basic_altar, hellmonk_ecumenical_altar_arch_garden,
          uniq_sigmund, uniq_robin, uniq_terence

Skill      XL: |  1  2 |
---------------+-------+-----
Spellcasting   | 3 |  3.5
Dodging        | |  2.3
Stealth        | |  1.7

Action                   |  1- 3 |  4- 6 || total
-------------------------+-------+-------++-------
 Cast: Foxfire           |   127 |       ||   127
       Scorch            |     4 |       ||     4
Armor: Robe              |     3 |       ||     3
Dodge: Dodged            |     4 |       ||     4
